 Dungeon Crawl Stone Soup version 0.30-a0-390-g80c34de65d (webtiles) character file.

Game seed: 2956708272689680517

1022 SmokeWeed the Cudgeller (level 8, -6/69 HPs)
             Began as a Hill Orc Fighter on Dec 4, 2022.
             Was a Follower of Beogh.
             Killed by divine providence
             ... invoked by an orc priest
              (9 damage)
             ... on level 6 of the Dungeon on Dec 5, 2022.
             The game lasted 00:19:46 (4100 turns).

SmokeWeed the Cudgeller (Hill Orc Fighter)          Turns: 4100, Time: 00:19:47

Health: -6/69      AC: 18    Str: 21    XL:     8   Next: 22%
Magic:  8/8        EV:  8    Int:  8    God:    Beogh [*.....]
Gold:   256        SH:  5    Dex: 14    Spells: 6/7 levels left

rFire   + . .      SeeInvis .    a - +0 flail
rCold   . . .      Faith    .    c - +0 buckler
rNeg    . . .      Spirit   .    r - +6 chain mail of the Thistle {rF+ Dex+4}
rPois   .          Reflect  .    (no helmet)
rElec   .          Harm     .    k - +0 cloak
rCorr   +          Rampage  .    z - +0 pair of gloves
Will    +....                    (no boots)
Stlth   ..........               (no amulet)
HPRegen 0.31/turn                i - ring of resist corrosion
MPRegen 0.11/turn                s - ring of willpower

@: no status effects
A: no striking features
a: Renounce Religion


You were on level 6 of the Dungeon.
You worshipped Beogh.
Beogh was aware of your devotion.
You visited 2 branches of the dungeon, and saw 7 of its levels.

You collected 256 gold pieces.

Inventory:

Hand Weapons
 a - a +0 flail (weapon)
 l - a +0 hammer
 q - a +0 war axe of freezing
 v - a +0 mace
 w - a +0 dire flail
 x - a +0 hand axe
 y - a +2 trident of venom
Missiles
 f - 4 curare-tipped darts
 n - 3 javelins (quivered)
Armour
 c - a +0 buckler (worn)
 k - a +0 cloak (worn)
 r - the +6 chain mail of the Thistle (worn) {rF+ Dex+4}
   (You found it on level 4 of the Dungeon)

   Dex:       It affects your dexterity (+4).
   rF:        It protects you from fire.
 z - a +0 pair of gloves (worn)
Jewellery
 i - a ring of resist corrosion (left hand)
 s - a ring of willpower (right hand)
Scrolls
 o - 3 scrolls of identify
 p - a scroll of teleportation
 t - a scroll of amnesia
Potions
 b - a potion of degeneration {unknown}
 d - 2 potions of might
 e - a potion of haste
 g - 3 potions of berserk rage
 h - 2 potions of brilliance
 j - 2 potions of curing
 m - 2 potions of mutation
 u - a potion of heal wounds {unknown}
 A - a potion of flight {unknown}


   Skills:
 + Level 5.4 Fighting
 + Level 7.1 Maces & Flails
 + Level 1.5 Throwing
 + Level 5.7 Armour
 + Level 1.4 Dodging
 + Level 0.4 Stealth
 + Level 4.4 Shields


You had 6 spell levels left.
You knew the following spells:

 Your Spells              Type           Power      Damage    Failure   Level
a - Summon Small Mammal   Summ           0%         N/A       99%         1

Your spell library contained the following spells:

 Spells                   Type           Power      Damage    Failure   Level
 Blink                    Tloc           0%         N/A       100%        2
 Cigotuvi's Dreadful Rot  Necr/Pois/Air  0%         N/A       100%        2
 Poisonous Vapours        Pois/Air       0%         N/A       100%        2
 Call Canine Familiar     Summ           0%         N/A       100%        3
 Mephitic Cloud           Conj/Pois/Air  0%         N/A       100%        3
 Summon Guardian Golem    Hex/Summ       0%         N/A       100%        3
 Manifold Assault         Tloc           0%         N/A       100%        4
 Conjure Ball Lightning   Conj/Air       0%         3x3d7     100%        6
 Storm Form               Tmut/Air       0%         N/A       100%        7
 Discord                  Hex            0%         N/A       100%        8
 Disjunction              Tloc           0%         N/A       100%        8


Dungeon Overview and Level Annotations

Branches:
Dungeon (6/15)             Temple (1/1) D:6

Altars:
Fedhas
Kikubaaqudgha
Ru
Trog
Xom


Message History

The orc priest begins to cast a cantrip, but forgets the words!
The orc hits you but does no damage.
You barely miss the orc.
The orc is almost dead.
The orc hits you but does no damage.
You sock the orc!
You kill the orc!
Beogh accepts your kill.
The orc priest calls down the wrath of Beogh upon you.
Beogh smites you!
You barely miss the orc priest.
The orc priest hits you with a +0 short sword.
You barely miss the orc priest.
The orc priest mumbles some strange prayers to Beogh against you.
Beogh smites you!
* * * LOW HITPOINT WARNING * * *
The orc priest hits you but does no damage.
You completely miss the orc priest.
The orc priest calls down the wrath of Beogh upon you.
You resist with some effort.
You barely miss the orc priest.
The orc priest hits you with a +0 short sword.
* * * LOW HITPOINT WARNING * * *
Okay, then.
Throw: 4 javelins
Press: ? - help, Q - select action, (/) - cycle Shift-Dir - straight line, f - orc priest
Aim: an orc priest, wielding a +0 short sword (60% to hit)
You throw a javelin.
The javelin pierces through the orc priest!
The orc priest is severely wounded.
The javelin closely misses the orc priest.
The javelin pierces through the orc priest!
The orc priest is almost dead.
The orc priest invokes the aid of Beogh against you.
Beogh smites you!
* * * LOW HITPOINT WARNING * * *
The orc priest invokes the aid of Beogh against you.
Beogh smites you!
You die...
Beogh appreciates the orc priest's killing of a heretic priest.

#............####
#................
#.......#....###
#.......#....#
######.#....#....#
.......#.#######.#
########.# #.# #.#
#.# ########.# #@#
.......#.# #o#
######.#.# #o#
#....#.#.# #o#
#<.#.#.#.# #(.
####.#.#.# ###
#....#.#.#
#.####.#.# #.#
#.#.#


You could see 3 orc priests.

Vanquished Creatures
  A steam dragon (D:6)
  A sky beast (D:6)
  An ogre (D:6)
  A bullfrog (D:4)
  A necrophage (D:6)
  A howler monkey (D:5)
  A jelly (D:4)
  4 orc priests
  3 hounds
  Crazy Yiuf (D:2)
  3 orc wizards (D:5)
  3 iguanas
  2 adders
  A worm (D:2)
  3 dart slugs
  14 orcs
  8 ball pythons
  7 endoplasms
  4 giant cockroaches
  6 hobgoblins
  6 jackals
  5 kobolds
  6 quokkas
  4 bats
  3 frilled lizards
  5 goblins
  6 rats
101 creatures vanquished.

Vanquished Creatures (others)
  An endoplasm (D:3)
1 creature vanquished.

Grand Total: 102 creatures vanquished

Notes
Turn   | Place    | Note
-------+----------+-------------------------------------------
     0 | D:1      | SmokeWeed the Hill Orc Fighter began the quest for the Orb.
     0 | D:1      | Reached XP level 1. HP: 19/19 MP: 1/1
    47 | D:1      | Reached XP level 2. HP: 25/27 MP: 2/2
   263 | D:1      | Reached XP level 3. HP: 33/33 MP: 3/3
   482 | D:1      | Found a faded altar of an unknown god.
   817 | D:2      | Reached skill level 3 in Maces & Flails
  1204 | D:2      | Found a runed translucent door.
  1208 | D:2      | Noticed Crazy Yiuf
  1375 | D:2      | Killed Crazy Yiuf
  1376 | D:2      | Reached XP level 4. HP: 26/41 MP: 4/4
  1512 | D:3      | Found a sacrificial altar of Ru.
  1839 | D:3      | Became a worshipper of Beogh the Brigand
  1848 | D:3      | Reached XP level 5. HP: 47/47 MP: 5/5
  1863 | D:3      | Reached skill level 4 in Maces & Flails
  2219 | D:4      | Found a blossoming altar of Fedhas.
  2238 | D:4      | Reached skill level 1 in Dodging
  2251 | D:4      | Identified the +6 chain mail of the Thistle {rF+ Dex+4}
  2383 | D:4      | Reached XP level 6. HP: 46/53 MP: 6/6
  2762 | D:4      | Reached skill level 5 in Maces & Flails
  2889 | D:4      | Reached * piety under Beogh
  2918 | D:5      | Entered Level 5 of the Dungeon
  3245 | D:5      | Reached XP level 7. HP: 53/60 MP: 7/7
  3254 | D:5      | Reached skill level 5 in Fighting
  3409 | D:5      | Reached skill level 6 in Maces & Flails
  3538 | D:5      | Learned a level 1 spell: Summon Small Mammal
  3677 | D:5      | Reached skill level 5 in Armour
  3779 | D:6      | Found a staircase to the Ecumenical Temple.
  3786 | Temple   | Entered the Ecumenical Temple
  3815 | D:6      | Noticed a steam dragon
  3821 | D:6      | Killed a steam dragon
  3822 | D:6      | Reached skill level 1 in Throwing
  3869 | D:6      | Reached XP level 8. HP: 68/68 MP: 8/8
  3901 | D:6      | Reached skill level 7 in Maces & Flails
  4100 | D:6      | HP: 3/69 [orc priest/divine providence (13)]
  4100 | D:6      | Killed from afar by an orc priest

Illustrated notes

Levels and vault maps discovered:
D:1:      wander_arrival_fairy_ring, layout_rooms,
          shapermc_ecumenical_altar_notcrosses
D:2:      layout_loops_ring, uniq_crazy_yiuf_cottage
D:3:      layout_rooms, mainiacjoe_overflow_boulevard, minmay_diced_spiral
D:4:      layout_rooms, fedhas_altar_2, nrook_campfire
D:5:      layout_basic, ebering_dispersal_statue_hall
D:6:      layout_basic, minmay_temple_entry_statues_fountains
Temple:   hellmonk_temple_of_storms

Skill      XL: |  1  2  3  4  5  6  7  8 |
---------------+-------------------------+-----
Fighting       | 4 5 |  5.4
Maces & Flails | 3 4 5 6 7 |  7.1
Armour         | 4 5 |  5.7
Dodging        | 1 |  1.4
Shields        | 4 |  4.4
Throwing       | 1 |  1.5
Stealth        | |  0.4

Action                   |  1- 3 |  4- 6 |  7- 9 || total
-------------------------+-------+-------+-------++-------
Melee: Flail             |   142 |       |    14 ||   156
       Mace              |       |   178 |    63 ||   241
Throw: Dart              |     2 |     4 |     8 ||    14
       Javelin           |       |       |     3 ||     3
Invok: Convert to Beogh  |       |     1 |       ||     1
  Use: Scroll            |     3 |     6 |     1 ||    10
Armor: Scale mail        |   136 |    51 |       ||   187
       Chain mail        |       |    65 |    49 ||   114
Dodge: Dodged            |   117 |    86 |    15 ||   218
Block: Buckler           |    51 |    41 |    15 ||   107

Table legend: (Time is in decaauts)
 A = Elapsed time spent in this place.
 B = Non-inter-level travel time spent in this place.
 C = Inter-level travel time spent in this place.
 D = Time resting spent in this place.
 E = Time spent auto-exploring this place.
 F = Levels seen in this place.
 G = Mean time per level.
                   A        B        C        D        E       F      G
               +--------+--------+--------+--------+--------+-----+--------+
         Total |   4192 |   4063 |    129 |    197 |   2822 |   7 |  598.9 |
       Dungeon |   4188 |   4059 |    129 |    197 |   2822 |   6 |  698.0 |
        Temple |      3 |      3 |      0 |      0 |      0 |   1 |    3.0 |
               +--------+--------+--------+--------+--------+-----+--------+

Top non-repeatable levels by time:
     D:2: 945 daAuts
     D:5: 822 daAuts
     D:3: 724 daAuts
     D:4: 718 daAuts
     D:1: 609 daAuts
     D:6: 368 daAuts
  Temple: 3 daAuts
